 Dungeon Crawl Stone Soup version 0.26-a0-30-g56b8cd3df0 (webtiles) character file.

Game seed: 3704837851190738695, levelgen mode: deterministic

11977 vurker the Destroyer (level 11, 0/92 HPs)
             Began as a Demigod Wizard on May 29, 2020.
             Slain by a komodo dragon (15 damage)
             ... on level 2 of the Lair of Beasts.
             The game lasted 00:33:45 (15898 turns).

vurker the Destroyer (Demigod Wizard)              Turns: 15898, Time: 00:33:46

Health: 0/92       AC: 10    Str: 10    XL:     11   Next: 31%
Magic:  28/38      EV: 12    Int: 28    God:
Gold:   609        SH:  5    Dex: 16    Spells: 19/29 levels left

rFire    + . .     SeeInvis .   y - +8 hand axe of Zin's Esteem {elec, rElec Dex+2}
rCold    . . .     Gourm    .   k - +0 buckler
rNeg     . . .     Faith    .   C - +1 leather armour {rF+}
rPois    +         Spirit   .   E - +2 hat
rElec    +         Reflect  .   A - +0 cloak
rCorr    .         Harm     .   M - +1 pair of gloves
MR       +....                  w - +0 pair of boots
Stlth    ++........             o - amulet of regeneration
HPRegen  0.65/turn              m - ring of poison resistance
MPRegen  0.26/turn              B - ring of magical power

@: frozen, very slow
A: high mp 1
a: no special abilities


You were on level 2 of the Lair of Beasts.
You were not hungry.

You visited 2 branches of the dungeon, and saw 13 of its levels.

You collected 684 gold pieces.
You spent 75 gold pieces at shops.

Inventory:

Hand Weapons
 y - the +8 hand axe of Zin's Esteem (weapon) {elec, rElec Dex+2}
   (You found it on level 4 of the Dungeon)

   Occasionally, upon striking a foe, it will discharge some electrical energy
   and cause terrible harm.
   It affects your dexterity (+2).
   It insulates you from electricity.
Missiles
 b - 2 throwing nets (quivered)
Armour
 k - a +0 buckler (worn)
   (You found it on level 5 of the Dungeon)
 w - a +0 pair of boots (worn)
   (You found it on level 5 of the Dungeon)
 A - a +0 cloak (worn)
   (You found it on level 6 of the Dungeon)
 C - a +1 leather armour of fire resistance (worn)
   (You found it on level 7 of the Dungeon)
 E - a +2 hat (worn)
   (You found it on level 7 of the Dungeon)
 M - a +1 pair of gloves (worn)
   (You found it on level 11 of the Dungeon)
Magical Staves
 u - an uncursed staff of fire
   (You found it on level 4 of the Dungeon)
Jewellery
 m - a ring of poison resistance (left hand)
   (You found it on level 2 of the Dungeon)
 n - an uncursed ring of protection from magic
   (You found it on level 8 of the Dungeon)
 o - an amulet of regeneration (around neck)
   (You found it on level 2 of the Dungeon)
 B - a ring of magical power (right hand)
   (You found it on level 6 of the Dungeon)
 D - an uncursed ring of fire
   (You found it on level 7 of the Dungeon)
 K - the ring "Acsoyrime" {rElec rF- rC+ EV+4 Slay+5}
   (You found it on level 10 of the Dungeon)

   [ring of evasion]

   It affects your evasion (+4).
   It affects your accuracy and damage with ranged weapons and melee attacks
   (+5).
   It makes you vulnerable to fire.
   It protects you from cold.
   It insulates you from electricity.
Wands
 j - a wand of enslavement (3)
   (You found it on level 5 of the Dungeon)
 t - a wand of flame (18)
   (You found it on level 9 of the Dungeon)
 v - a wand of digging (7)
   (You took it off an orc on level 8 of the Dungeon)
Scrolls
 a - 2 scrolls of teleportation
 c - 6 scrolls of remove curse
 f - a scroll of immolation
 h - 3 scrolls of enchant weapon
 r - a scroll of magic mapping
 x - 4 scrolls of enchant armour
 J - a scroll of holy word {unknown}
Potions
 d - 3 potions of haste
 i - 4 potions of cancellation
 l - 7 potions of lignification
 p - 2 potions of ambrosia
 q - 2 potions of mutation
 s - 4 potions of curing
 z - 3 potions of magic
 G - a potion of invisibility
 H - 2 potions of flight
 I - 2 potions of brilliance
Comestibles
 e - 30 rations


   Skills:
 + Level 7.2 Fighting
 - Level 1.7 Dodging
 - Level 1.7 Stealth
 - Level 4.0 Shields
 * Level 9.9 Spellcasting
 - Level 10.0 Conjurations
 - Level 0.8 Summonings
 - Level 0.8 Translocations
 * Level 3.6 Earth Magic


You had 19 spell levels left.
You knew the following spells:

 Your Spells              Type           Power        Failure   Level  Hunger
a - Magic Dart            Conj           ####         1%          1    None
b - Call Imp              Summ           ###.....     6%          2    None
w - Blink                 Tloc           N/A          6%          2    None
z - Lee's Rapid Deconstr  Erth           ####......   34%         5    ####...

Your spell library contained the following spells:

 Spells                   Type           Power        Failure   Level  Hunger
 Sandblast                Erth           ####..       1%          1    None
 Stone Arrow              Conj/Erth      ######       1%          3    None
 Conjure Flame            Conj/Fire      #####...     2%          3    None
 Apportation              Tloc           ###...       3%          1    None
 Summon Small Mammal      Summ           ###.         3%          1    None
 Passwall                 Tmut/Erth      ###.....     4%          2    None
 Mephitic Cloud           Conj/Pois/Air  ####....     4%          3    None
 Animate Skeleton         Necr           N/A          5%          1    None
 Corona                   Hex            ##.....      5%          1    None
 Slow                     Hex            ##......     9%          2    None
 Petrify                  Tmut/Erth      ###.....     26%         4    None
 Animate Dead             Necr           N/A          50%         4    None
 Cause Fear               Hex            ##........   50%         4    None
 Excruciating Wounds      Chrm/Necr      ##........   83%         5    ####...
 Darkness                 Hex            ##........   100%        6    #####..


Dungeon Overview and Level Annotations

Branches:
Dungeon (11/15)            Temple (0/1) D:6            Lair (2/6) D:8
    Orc (0/2) D:11
  Swamp: Lair:2-4    Shoals: Lair:2-4     Snake: Lair:2-4    Spider: Lair:2-4

Shops:
D:8 (   D:9 (==*


Innate Abilities, Weirdness & Mutations

You have an increased reservoir of magic. (+10% MP)


Message History

There is a stone staircase leading up here.
A beastly little devil appears in a puff of flame.
A beastly little devil appears in a puff of flame.
A beastly little devil appears in a puff of flame.
A beastly little devil appears in a puff of flame.
The rime drake hisses angrily.
The komodo dragon hisses angrily.
Aim: a komodo dragon The magic dart hits the komodo dragon.
Your crimson imp completely misses the komodo dragon.
Aim: a komodo dragon (lightly wounded)
The magic dart hits the komodo dragon but does no damage.
Your crimson imp disappears in a puff of smoke!
Your crimson imp misses the rime drake.
The komodo dragon barely misses you. You block the rime drake's attack.
Your crimson imp hits the komodo dragon but does no damage.
Your crimson imp blinks!
Aim: a komodo dragon (lightly wounded)
The magic dart hits the komodo dragon but does no damage.
Your crimson imp blinks!
The komodo dragon bites you!!
The rime drake bites you but does no damage.
Your crimson imp hits the komodo dragon but does no damage.
Aim: a komodo dragon (lightly wounded)
The magic dart hits the komodo dragon but does no damage.
The komodo dragon bites you but does no damage.
The rime drake closely misses you.
Your crimson imp blinks!
Your crimson imp hits the komodo dragon but does no damage.
You slash the komodo dragon!
Lightning courses through the komodo dragon!
You closely miss the rime drake. The rime drake closely misses you.
The komodo dragon bites you!!
Your crimson imp blinks!
Your crimson imp hits the komodo dragon but does no damage.
The rime drake closely misses you.
The komodo dragon bites your crimson imp!
Your crimson imp dies!
You closely miss the komodo dragon.
The komodo dragon hisses angrily.
You hit the rime drake. The rime drake bites you. The komodo dragon misses you.
Aim: a komodo dragon (severely wounded)
The magic dart hits the komodo dragon.
The rime drake breathes ice at you. The flash freeze hits you!!
* * * LOW HITPOINT WARNING * * *
You are encased in ice.
Your crimson imp hits the komodo dragon but does no damage.
Your crimson imp blinks!
The komodo dragon bites you!
You die...

#...............
##..............##
##..............#
#.P....§....5..#
#.##..........(##
..####.(....!....#
.... ##..........#
....(
##....k....##
..... ##.@l§....#
.... ##5......#
###....P# #...##
####


You could see a komodo dragon, a rime drake (catching breath) and 2 friendly
crimson imps.

Vanquished Creatures
  A two-headed ogre (D:8)
  An ugly thing (D:11)
  A cyclops (D:11)
  4 spiny frogs
  A rime drake (Lair:2)
  A troll (D:7)
  5 blink frogs (Lair:1)
  3 hippogriffs
  3 soldier ants
  7 porcupines
  2 orc warriors
  2 ice beasts
  A sky beast (D:9)
  An eye of draining (D:8)
  5 phantoms
  An ogre (D:7)
  6 centaurs
  A crocodile (D:7)
  A big kobold (D:5)
  11 bullfrogs
  A gnoll sergeant (D:9)
  4 scorpions
  2 wights (D:8)
  4 crimson imps
  2 bullfrog zombies
  A quasit (D:7)
  A hound (D:11)
  2 jellies
  7 orc priests
  7 orc wizards
  Natasha (twice) (D:3)
  2 iguanas
  3 worker ants
  A hound zombie (D:7)
  A worker ant zombie (D:6)
  7 gnolls
  12 adders
  4 shadow imps
  2 oozes
  An adder zombie (D:6)
  An adder skeleton (D:9)
  3 dart slugs
  3 leopard geckos
  31 orcs
  9 bats
  3 giant cockroaches
  9 goblins
  6 hobgoblins
  11 kobolds
  9 quokkas
  A ball python (D:6)
  A ball python skeleton (D:2)
  4 frilled lizards
  A giant cockroach zombie (D:5)
  A quokka zombie (D:6)
  5 rats
222 creatures vanquished.

Vanquished Creatures (collateral kills)
  A two-headed ogre (D:11)
  Urug (Lair:2)
  2 spiny frogs
  A komodo dragon (Lair:1)
  2 hornets
  Grinder (D:3)
  A hippogriff (D:7)
  A yak (D:8)
  A water moccasin (Lair:1)
  A porcupine (D:8)
  4 orc warriors
  2 ogres
  2 bullfrogs
  A scorpion (D:11)
  3 wights (D:8)
  A crimson imp (D:8)
  A jelly (D:8)
  2 orc wizards
  Terence (D:3)
  Natasha (D:3)
  2 gnolls
  2 adders
  3 worms
  A dart slug (D:2)
  2 leopard geckos
  10 orcs
  A hobgoblin (D:2)
  A jackal (D:6)
  A kobold (D:5)
  A rat (D:3)
54 creatures vanquished.

Vanquished Creatures (others)
  5 dream sheep (D:9)
  7 fungi (D:8)
  4 plants (D:8)
  4 toadstools (D:1)
20 creatures vanquished.

Grand Total: 296 creatures vanquished

Notes
Turn   | Place    | Note
-------+----------+-------------------------------------------
     0 | D:1      | vurker the Demigod Wizard began the quest for the Orb.
     0 | D:1      | Reached XP level 1. HP: 14/14 MP: 6/6
     7 | D:1      | Reached skill level 1 in Conjurations
   347 | D:1      | Reached XP level 2. HP: 22/22 MP: 6/8
   445 | D:1      | Learned a level 2 spell: Call Imp
   448 | D:1      | Learned a level 2 spell: Blink
  1083 | D:2      | Reached XP level 3. HP: 27/27 MP: 6/10
  1098 | D:2      | Reached skill level 1 in Fighting
  1204 | D:2      | Reached skill level 2 in Conjurations
  1715 | D:2      | Found a radiant altar of Vehumet.
  1730 | D:2      | Found a shimmering blue altar of Sif Muna.
  1731 | D:2      | Found a shattered altar of Ashenzari.
  1731 | D:2      | Found a blossoming altar of Fedhas.
  1734 | D:2      | Reached XP level 4. HP: 33/35 MP: 8/12
  2310 | D:3      | Noticed Natasha
  2314 | D:3      | Killed Natasha
  2589 | D:3      | Found a stormy altar of Qazlal.
  2974 | D:3      | Noticed Natasha
  2980 | D:3      | Killed Natasha
  2980 | D:3      | Reached XP level 5. HP: 31/41 MP: 5/13
  3042 | D:3      | Reached skill level 3 in Conjurations
  3126 | D:3      | You fall into a shaft and drop 2 floors!
  3126 | D:5      | Entered Level 5 of the Dungeon
  3577 | D:3      | Noticed Grinder
  3632 | D:3      | Noticed Terence
  3634 | D:3      | Killed Grinder
  3728 | D:3      | Killed Terence
  3728 | D:3      | Reached XP level 6. HP: 48/48 MP: 7/15
  3870 | D:3      | Noticed Natasha
  3879 | D:3      | Killed Natasha
  4189 | D:4      | Got a twisted hand axe
  4190 | D:4      | Identified the +8 hand axe of Zin's Esteem {elec, rElec
                  | Dex+2} (You found it on level 4 of the Dungeon)
  4727 | D:5      | Found an ornate altar of the Wu Jian Council.
  4825 | D:5      | Found a snail-covered altar of Cheibriados.
  4899 | D:5      | Identified the Papyrus of Fetching Sinister Magic
  5114 | D:5      | Reached skill level 4 in Conjurations
  5455 | D:6      | Reached skill level 1 in Shields
  5583 | D:6      | Found a glowing silver altar of Zin.
  5707 | D:6      | Found a staircase to the Ecumenical Temple.
  5735 | D:6      | Reached XP level 7. HP: 52/56 MP: 6/17
  5737 | D:6      | Reached skill level 5 in Spellcasting
  5936 | D:6      | Reached skill level 5 in Conjurations
  6490 | D:7      | Noticed a hippogriff
  6508 | D:7      | Reached XP level 8. HP: 26/63 MP: 13/20
  6521 | D:7      | Killed a hippogriff
  6963 | D:7      | Found a hazy altar of Hepliaklqana.
  7066 | D:7      | Reached skill level 6 in Conjurations
  7319 | D:7      | Noticed a troll
  7351 | D:7      | Killed a troll
  7531 | D:8      | Found Soumerox's Antique Weapon Shoppe.
  7998 | D:8      | Noticed a two-headed ogre
  8029 | D:8      | Killed a two-headed ogre
  8029 | D:8      | Reached skill level 7 in Conjurations
  8029 | D:8      | Reached XP level 9. HP: 63/73 MP: 7/23
  8319 | D:8      | Reached skill level 5 in Fighting
  9445 | D:8      | Found a staircase to the Lair.
  9832 | D:9      | Found Zeumehaw's Weapon Shoppe.
  9851 | D:9      | Reached skill level 8 in Conjurations
  9967 | D:9      | Found a hazy altar of Hepliaklqana.
 10201 | D:9      | Found Sitaepp's Jewellery Boutique.
 10451 | D:9      | Found Pyabb's Assorted Antiques.
 10458 | D:9      | Bought 2 clear potions for 50 gold pieces
 10458 | D:9      | Bought a white potion for 25 gold pieces
 10755 | D:9      | Reached XP level 10. HP: 49/83 MP: 20/26
 10838 | D:9      | Found a shimmering altar of Xom.
 11004 | D:9      | Found Tity's Jewellery Shoppe.
 11038 | D:10     | Entered Level 10 of the Dungeon
 11467 | D:10     | Got a heavily runed silver ring
 11481 | D:10     | Identified the ring "Acsoyrime" {rElec rF- rC+ EV+4 Slay+5}
                  | (You found it on level 10 of the Dungeon)
 11997 | D:11     | Noticed a cyclops
 12003 | D:11     | Killed a cyclops
 12059 | D:11     | Noticed a two-headed ogre
 12072 | D:11     | Killed a two-headed ogre
 12072 | D:11     | Reached skill level 9 in Conjurations
 12234 | D:11     | Noticed a two-headed ogre
 12442 | D:11     | Noticed a red ugly thing
 12459 | D:11     | Killed a red ugly thing
 12661 | D:11     | Found a staircase to the Orcish Mines.
 12855 | D:11     | HP: 2/84 [something (14)]
 13533 | Lair:1   | Entered Level 1 of the Lair of Beasts
 13634 | Lair:1   | Learned a level 5 spell: Lee's Rapid Deconstruction
 14127 | Lair:1   | Reached skill level 1 in Earth Magic
 14409 | Lair:1   | Killed a spiny frog
 14409 | Lair:1   | Reached XP level 11. HP: 35/91 MP: 13/28
 14845 | Lair:1   | Reached skill level 10 in Conjurations
 15530 | Lair:2   | Noticed Urug
 15571 | Lair:2   | Killed Urug
 15898 | Lair:2   | Slain by a komodo dragon

Illustrated notes

Levels and vault maps discovered:
D:1:      ldierk_walled_garden_2, layout_rooms, minmay_misc_feat_square
D:2:      layout_basic, grunt_temple_overflow_open, minmay_heptomino_d4
D:3:      layout_loops_cross, grunt_qazlal_clouds, first_ration,
          chequers_serial_rivers_micro_b, kennysheep_generic_room_5,
          uniq_natasha, uniq_grinder, uniq_terence
D:4:      layout_loops_ring
D:5:      layout_basic, lemuel_doored_altar, kennysheep_slug_shrine
D:6:      layout_rooms, lemuel_round_altar, minmay_temple_entry_trees,
          minmay_increasing_density
D:7:      kennysheep_big_flooded_room, layout_rooms, basic_altar
D:8:      layout_loops_ring, grunt_lair_entry_orc_guard_hut, serial_shops, shop
D:9:      layout_basic, kb_xom_exploding_sheep, nicolae_overflow_crystal_walls,
          serial_shops, shop, nicolae_shop_crystal, shop,
          nicolae_shop_window_shopping
D:10:     layout_long_grid, hangedman_pestilent_swarm, kennysheep_windowed_goal
D:11:     layout_irregular_city, orc_0_dummy
Lair:1:   layout_cave_pods
Lair:2:   layout_cave_pods, swamp_mist_pool, uniq_urug, uniq_erica, uniq_fannar

Skill      XL: |  1  2  3  4  5  6  7  8  9 10 11 |
---------------+----------------------------------+-----
Conjurations   | 1 2 3 4 5 7 8 9 10 | 10.0
Spellcasting   | 3 4 5 7 8 9 |  9.9
Fighting       | 1 2 3 4 5 6 7 |  7.2
Shields        | 1 2 3 4 |  4.0
Earth Magic    | 1 3 |  3.6
Dodging        | |  1.7
Stealth        | |  1.7
Summonings     | |  0.8
Translocations | |  0.8

Action                   |  1- 3 |  4- 6 |  7- 9 | 10-12 || total
-------------------------+-------+-------+-------+-------++-------
Melee: Unarmed           |    13 |       |       |       ||    13
       Dagger            |    13 |     4 |       |       ||    17
       Hand axe          |       |     9 |    29 |   106 ||   144
 Cast: Magic Dart        |    88 |   188 |   441 |   296 ||  1013
       Call Imp          |     3 |    29 |    90 |    96 ||   218
       Blink             |       |       |     1 |     7 ||     8
Evoke: Wand              |       |       |     3 |     4 ||     7
  Use: Scroll            |       |    16 |     4 |     6 ||    26
       Potion            |       |     1 |       |     4 ||     5
 Stab: Sleeping          |     1 |       |       |       ||     1
       Distracted        |       |       |     2 |     2 ||     4
       Confused          |       |       |       |     1 ||     1
  Eat: Chunk             |     2 |    12 |    16 |    12 ||    42
       Ration            |       |       |       |     1 ||     1
Armor: Robe              |    10 |    12 |     8 |       ||    30
       Leather armour    |       |       |    52 |    60 ||   112
Dodge: Dodged            |    39 |    44 |   140 |   166 ||   389
Block: Buckler           |       |     4 |    67 |    66 ||   137

Table legend:
 A = Non-vault XP
 B = Vault XP
 C = Vault XP percentage of total XP
 D = Non-vault monster count
 E = Vault monster count
 F = Vault count percentage of total count
                 A         B        C        D         E       F
            +---------+---------+-------+---------+---------+-------
      Total |   14945 |    2166 |  12.7 |     246 |      30 |  10.9
            +---------+---------+-------+---------+---------+-------
        D:1 |      26 |       0 |   0.0 |      18 |       0 |   0.0
        D:2 |      89 |      11 |  11.0 |      20 |       5 |  20.0
        D:3 |     112 |     209 |  65.1 |      23 |       6 |  20.7
        D:4 |     100 |       0 |   0.0 |      11 |       0 |   0.0
        D:5 |     143 |       4 |   2.7 |      13 |       1 |   7.1
        D:6 |     551 |     158 |  22.3 |      16 |       5 |  23.8
        D:7 |    1351 |     163 |  10.8 |      27 |       2 |   6.9
        D:8 |    2258 |     538 |  19.2 |      34 |       5 |  12.8
        D:9 |    1146 |       0 |   0.0 |      25 |       0 |   0.0
       D:10 |     152 |     569 |  78.9 |       3 |       5 |  62.5
       D:11 |    3638 |       0 |   0.0 |      33 |       0 |   0.0
     Lair:1 |    4213 |       0 |   0.0 |      18 |       0 |   0.0
     Lair:2 |    1166 |     514 |  30.6 |       5 |       1 |  16.7
            +---------+---------+-------+---------+---------+-------
